Map: [ESL] Site Delta

Players

Krystianer

  • Race: Protoss Protoss
  • Spawn Location: 5:00

SKillous - Winner!

  • Race: Protoss Protoss
  • Spawn Location: 11:00

Event: ESL SC2 Masters 2024 Spring (Regional)

VOD

Have the link to the VOD?

Description

Time

  • Played on: April 27, 2024, 11:10 a.m.
  • Length: 12:11

All games in this series

Show
View Real Time Build Order
Export as new Build Order

Krystianer Protoss 

Build Orders: Phoenix Opening 

Get SALT Encoding   

  12  0:00  Probe  
  13  0:12  Probe  
  14  0:16  Pylon  
  14  0:24  Probe (Chrono Boost)  
  16  0:36  Probe (Chrono Boost)  
  16  0:38  Gateway  
  16  0:42  Probe (Chrono Boost)  
  16  0:45  Assimilator  
  17  0:50  Probe  
  18  0:58  Assimilator  
  18  1:03  Probe (Chrono Boost)  
  19  1:07  Gateway  
  20  1:12  Probe (Chrono Boost)  
  20  1:17  Probe (Chrono Boost)  
  20  1:25  Cybernetics Core  
  21  1:29  Probe  
  22  1:35  Pylon  
  22  1:41  Probe  
  23  1:53  Probe  
  24  2:01  Sentry, Warp Gate  
  28  2:14  Nexus  
  26  2:18  Probe  
  29  2:27  Pylon  
  29  2:32  Stalker  
  29  2:41  Stargate  
  28  2:45  Probe  
  29  2:52  Stalker  
  29  2:57  Probe  
  32  3:09  Probe  
  32  3:11  Shield Battery  
  33  3:21  Stalker, Probe  
  33  3:24  Phoenix (Chrono Boost)  
  38  3:29  Pylon  
  38  3:33  Probe  
  39  3:36  Probe  
  40  3:44  Shield Battery  
  40  3:45  Probe  
  40  3:49  Stalker, Probe  
  43  3:59  Stalker  
  43  4:00  Probe (Chrono Boost)  
  45  4:05  Probe (Chrono Boost)  
  46  4:12  Probe (Chrono Boost)  
  46  4:15  Twilight Council  
  46  4:16  Probe (Chrono Boost)  
  46  4:17  Probe (Chrono Boost)  
  47  4:23  Stalker  
  50  4:25  Probe  
  50  4:28  Probe  
  52  4:32  Stalker  
  52  4:37  Phoenix  
  52  4:38  Probe  
  55  4:40  Probe  
  53  4:47  Stalker  
  53  4:50  Probe  
  53  4:52  Probe  
  55  4:59  Dark Shrine  
  55  5:04  Probe (Chrono Boost)  
  55  5:05  Assimilator  
  55  5:06  Probe (Chrono Boost)  
  57  5:07  Pylon  
  57  5:08  Blink (Chrono Boost)  
  57  5:13  Shield Battery  
  59  5:16  Probe (Chrono Boost)  
  59  5:17  Probe (Chrono Boost)  
  59  5:26  Probe  
  61  5:30  Pylon  
  61  5:34  Gateway  
  61  5:38  Probe  
  61  5:41  Pylon  
  61  5:42  Pylon  
  61  5:48  Probe  
  61  5:49  Stalker x2  
  66  5:57  Gateway  
  66  6:00  Pylon  
  66  6:16  Nexus  
  64  6:20  Dark Templar x2  
  64  6:23  Probe x2  
  70  6:26  Pylon  
  70  6:28  Dark Templar  
  72  6:35  Probe x2  
  74  6:40  Forge  
  74  6:47  Probe x2  
  76  6:55  Pylon  
  76  6:59  Probe x2  
  76  7:00  Stalker x3  
  82  7:11  Probe x2  
  84  7:16  Shield Battery  
  84  7:22  Dark Templar  
  86  7:23  Probe x2  
  86  7:26  Protoss Ground Weapons Level 1  
  88  7:31  Charge (Chrono Boost)  
  88  7:32  Stalker x3  
  95  7:43  Gateway  
  90  7:45  Gateway  
  90  7:46  Assimilator  
  90  8:02  Robotics Facility  
  90  8:03  Stalker  
  90  8:04  Stalker  
  90  8:05  Nexus  
  94  8:06  Pylon  
  94  8:07  Pylon  
  94  8:12  Probe x2  
  97  8:18  Shield Battery  
  97  8:19  Stalker x2  
  100  8:21  Probe  
  100  8:24  Probe  
  100  8:31  Stalker x2  
  104  8:38  Gateway  
  104  8:40  Gateway  
  103  8:41  Probe  
  103  8:48  Stalker x4  
  112  8:51  Probe  
  113  9:01  Stalker x2, Warp Prism (Chrono Boost)  
  113  9:10  Photon Cannon  
  113  9:14  Sentry  
  113  9:16  Stalker x3  
  121  9:20  Probe x2  
  123  9:24  Zealot x2  
  123  9:25  Observer (Chrono Boost)  
  123  9:29  Probe  
  129  9:46  Zealot x7  
  129  9:47  Zealot  
  94  11:07  Nexus  
  94  11:08  Pylon  
  88  11:18  Pylon  
  86  11:19  Pylon  
Show
View Real Time Build Order
Export as new Build Order

SKillous Protoss - Winner!

Build Orders: Oracle Opening 

Get SALT Encoding   

  12  0:00  Probe  
  13  0:12  Probe  
  14  0:17  Pylon  
  14  0:24  Probe  
  15  0:35  Gateway  
  15  0:37  Probe (Chrono Boost)  
  16  0:46  Assimilator, Probe (Chrono Boost)  
  17  0:51  Probe (Chrono Boost)  
  17  0:54  Assimilator  
  18  1:03  Probe (Chrono Boost)  
  19  1:07  Gateway  
  19  1:12  Probe (Chrono Boost)  
  19  1:18  Probe  
  20  1:24  Cybernetics Core  
  21  1:30  Probe  
  22  1:35  Pylon  
  22  1:42  Probe  
  24  1:54  Probe  
  24  2:01  Warp Gate, Adept x2  
  28  2:06  Pylon  
  28  2:16  Stargate  
  28  2:40  Nexus  
  28  2:42  Probe  
  29  2:55  Probe  
  29  2:57  Oracle (Chrono Boost)  
  33  3:05  Twilight Council  
  33  3:07  Probe  
  34  3:17  Pylon  
  35  3:20  Probe  
  35  3:27  Oracle (Chrono Boost)  
  35  3:32  Probe  
  39  3:41  Gateway  
  39  3:44  Probe (Chrono Boost)  
  40  3:55  Probe (Chrono Boost)  
  41  4:02  Probe (Chrono Boost)  
  42  4:07  Probe (Chrono Boost)  
  42  4:09  Probe (Chrono Boost)  
  42  4:11  Stalker x2  
  42  4:13  Shield Battery  
  42  4:14  Blink (Chrono Boost)  
  41  4:17  Probe  
  41  4:22  Probe  
  43  4:26  Shield Battery  
  43  4:29  Probe  
  44  4:34  Probe  
  44  4:35  Stalker  
  47  4:44  Stalker  
  50  4:45  Probe  
  50  4:46  Probe  
  51  4:57  Probe  
  51  4:58  Probe  
  51  4:59  Assimilator, Stalker  
  52  5:00  Pylon  
  52  5:01  Stalker  
  54  5:09  Probe  
  54  5:11  Stalker  
  57  5:15  Pylon  
  57  5:23  Nexus  
  57  5:29  Stalker  
  57  5:31  Stalker  
  57  5:34  Probe (Chrono Boost)  
  62  5:36  Probe (Chrono Boost)  
  62  5:38  Stalker  
  65  5:46  Forge  
  65  5:49  Probe (Chrono Boost)  
  67  5:50  Probe (Chrono Boost)  
  67  5:52  Robotics Facility  
  67  5:54  Probe (Chrono Boost)  
  68  5:57  Probe  
  68  6:04  Probe  
  70  6:09  Probe  
  70  6:11  Shield Battery  
  71  6:15  Stalker x3  
  71  6:16  Protoss Ground Weapons Level 1 (Chrono Boost), Probe  
  76  6:23  Gateway  
  76  6:28  Shield Battery  
  76  6:39  Gateway  
  80  6:41  Probe  
  80  6:43  Stalker  
  80  6:47  Probe  
  84  6:49  Pylon, Observer (Chrono Boost)  
  84  6:50  Probe  
  80  6:56  Stalker x2  
  80  6:58  Probe  
  80  7:01  Photon Cannon, Probe  
  86  7:08  Observer  
  85  7:13  Stalker  
  85  7:14  Probe  
  90  7:17  Charge, Photon Cannon  
  90  7:22  Stalker  
  92  7:24  Stalker  
  92  7:26  Pylon  
  92  7:31  Probe (Chrono Boost)  
  92  7:34  Probe x2 (Chrono Boost)  
  92  7:42  Photon Cannon  
  92  7:43  Probe (Chrono Boost)  
  95  7:46  Pylon, Probe x2 (Chrono Boost)  
  95  7:47  Probe (Chrono Boost)  
  95  7:49  Stalker x2  
  100  7:52  Pylon  
  100  7:57  Gateway  
  100  7:58  Gateway  
  100  8:02  Protoss Ground Weapons Level 2 (Chrono Boost)  
  100  8:04  Gateway  
  100  8:06  Pylon  
  100  8:13  Warp Prism  
  100  8:14  Pylon  
  102  8:27  Nexus  
  102  8:33  Stalker x3  
  108  8:37  Pylon  
  108  8:40  Stalker x2  
  94  9:00  Stalker x5  
  94  9:01  Probe  
  94  9:02  Probe  
  100  9:04  Probe  
  100  9:07  Stalker  
  103  9:10  Zealot, Stalker  
  103  9:14  Probe x2  
  109  9:27  Stalker x2  
  109  9:28  Stalker  
  109  9:29  Zealot x2  
  119  9:32  Zealot x2  
  119  9:35  Pylon  
  119  9:53  Zealot x5  
  105  10:43  Pylon  
  105  10:44  Nexus  
  104  11:21  Photon Cannon  
Tags
 
Add a new tag
Caveats
  • Supply blocks, unpowered buildings, or Contaminate may cause inaccurate times.
  • Supply counts are checked every 10 seconds.